[Event "FIDE World Rapid-ch Open 2018"]
[White "Sychev, Klementy"]
[Black "Steinberg, Nitzan"]
[Site "St. Petersburg"]
[Round "6.76"]
[Annotator "ChessBase"]
[Result "1-0"]
[Date "2018.12.27"]
[WhiteElo "2537"]
[BlackElo "2532"]
[PlyCount "75"]
[TimeControl "900+10"]

1. e4 c5 2. Nf3 d6 3. Nc3 a6 4. d4 cxd4 5. Nxd4 Nf6 6. Bg5 Nbd7 7. Bc4 h6 8. Bh4 g6 9. Qe2 Bg7 10. 0-0-0 0-0 11. Bb3 Qc7 12. Kb1 e5 13. Nf3 Nb6 14. Bxf6 Bxf6 15. Qd2 Kg7 16. Qxd6 Qc6 17. h3 Re8 18. Qxc6 bxc6 19. Na4 Rb8 20. Rd6 Re7 21. Rxc6 Nxa4 22. Bxa4 Reb7 23. Bb3 a5 24. a4 Bd7 25. Rc5 Rb4 26. Rxa5 Rxe4 27. Ra7 Be8 28. Re1 Rxe1+ 29. Nxe1 e4 30. a5 Bd4 31. Re7 Bxf2 32. Rxe4 Ra8 33. Nd3 Bg3 34. Ba4 Bxa4 35. Rxa4 f5 36. b4 g5 37. b5 f4 38. b6 1-0

[Event "FIDE World Rapid-ch Open 2018"]
[White "Golubov, Saveliy"]
[Black "Pogosyan, Stefan"]
[Site "St. Petersburg"]
[Round "6.77"]
[Annotator "ChessBase"]
[Result "1-0"]
[Date "2018.12.27"]
[WhiteElo "2482"]
[BlackElo "2365"]
[PlyCount "49"]
[TimeControl "900+10"]

1. d4 Nf6 2. Nc3 d5 3. Bf4 Bf5 4. f3 e6 5. g4 Bg6 6. h4 h6 7. e3 a6 8. Bd3 Bxd3 9. cxd3 Bd6 10. Nge2 Nc6 11. Kf2 Qd7 12. Rc1 0-0-0 13. Na4 Kb8 14. Nc5 Bxc5 15. Rxc5 Rhe8 16. Qb3 e5 17. dxe5 Nxe5 18. Rhc1 Rc8 19. Nd4 Ka8 20. Qa3 c6 21. Bxe5 Rxe5 22. Nxc6 bxc6 23. Qxa6+ Kb8 24. R1c3 Qd6 25. Qb6+ 1-0

[Event "FIDE World Rapid-ch Open 2018"]
[White "Shubin, Kirill"]
[Black "Potapov, Pavel"]
[Site "St. Petersburg"]
[Round "6.78"]
[Annotator "ChessBase"]
[Result "1/2-1/2"]
[Date "2018.12.27"]
[WhiteElo "2334"]
[BlackElo "2516"]
[PlyCount "96"]
[TimeControl "900+10"]

1. e4 c5 2. Nf3 Nc6 3. Bb5 g6 4. 0-0 Bg7 5. Re1 Nf6 6. Bxc6 dxc6 7. d3 0-0 8. h3 b6 9. Nbd2 Re8 10. a4 a5 11. Nc4 Nd7 12. Bd2 Qc7 13. Qc1 e5 14. c3 b5 15. Ne3 Nb6 16. axb5 cxb5 17. c4 b4 18. b3 Bd7 19. Nd5 Qd6 20. d4 exd4 21. Bf4 Qc6 22. Nc7 a4 23. Nxa8 Rxa8 24. Ne5 Qe6 25. Nd3 Rc8 26. bxa4 Nxc4 27. Bh6 Bxh6 28. Qxh6 b3 29. Nf4 Qe5 30. Rac1 Na3 31. Nd3 Qe7 32. Qd2 c4 33. Nb4 Qe5 34. Qb2 Nc2 35. Nxc2 bxc2 36. Qxc2 d3 37. Qd2 Bxa4 38. Rc3 Qd4 39. Rec1 Bd7 40. Re1 Re8 41. e5 Be6 42. Kh2 Rb8 43. f3 Rb5 44. Re4 Qc5 45. Qc1 Qf2 46. Qg1 Qxg1+ 47. Kxg1 Rb1+ 48. Kf2 d2 1/2-1/2

[Event "FIDE World Rapid-ch Open 2018"]
[White "Lomasov, Semyon"]
[Black "Popov, Valerij"]
[Site "St. Petersburg"]
[Round "6.79"]
[Annotator "ChessBase"]
[Result "0-1"]
[Date "2018.12.27"]
[WhiteElo "2553"]
[BlackElo "2532"]
[PlyCount "126"]
[TimeControl "900+10"]

1. e4 e6 2. d4 d5 3. Nd2 h6 4. Bd3 c5 5. Ngf3 Nf6 6. c3 cxd4 7. cxd4 dxe4 8. Nxe4 Bb4+ 9. Bd2 Bxd2+ 10. Qxd2 Nc6 11. 0-0 0-0 12. Rac1 Nd5 13. Rfe1 Qb6 14. Bb1 Rd8 15. Nc5 Nf6 16. a3 Bd7 17. Re3 Rab8 18. Rb3 Qc7 19. Qe3 Be8 20. h3 Qe7 21. Rd3 Rbc8 22. Rdd1 Rd5 23. Ba2 Rd6 24. b4 a6 25. Ne4 Nxe4 26. Qxe4 Rcd8 27. Bb1 f5 28. Qf4 Qf6 29. Ba2 Kh7 30. Re1 Bf7 31. Bb1 Kg8 32. Ba2 Kh7 33. Qe3 Nxd4 34. Nxd4 Rxd4 35. Bxe6 Re8 36. Bxf5+ g6 37. Bxg6+ Kxg6 38. Qg3+ Qg5 39. Qh2 Re2 40. Rf1 Rdd2 41. h4 Qe5 42. Qh3 Be6 43. Qf3 Qf5 44. Qg3+ Qg4 45. Qb8 Bd5 46. h5+ Kxh5 47. Qh2+ Qh4 48. Qxh4+ Kxh4 49. Rc3 h5 50. Rg3 b5 51. Rg7 Re5 52. Rc1 Rg5 53. g3+ Kg4 54. Re7 Rf5 55. Rg7+ Kh3 56. Rh7 Bf3 57. Re1 Re5 58. Rf1 Ra2 59. Rf7 Bg2 60. Rf4 Re4 61. Rc1 Rxf4 62. gxf4 Be4 63. Re1 Bf5 0-1

[Event "FIDE World Rapid-ch Open 2018"]
[White "Vorotnikov, Vladislav V"]
[Black "Zhigalko, Andrey"]
[Site "St. Petersburg"]
[Round "6.80"]
[Annotator "ChessBase"]
[Result "1-0"]
[Date "2018.12.27"]
[WhiteElo "2417"]
[BlackElo "2545"]
[PlyCount "118"]
[TimeControl "900+10"]

1. d4 Nf6 2. Nf3 d5 3. c3 c5 4. e3 Qc7 5. Nbd2 Nc6 6. a3 e5 7. dxe5 Nxe5 8. Nxe5 Qxe5 9. Bb5+ Bd7 10. Bxd7+ Nxd7 11. c4 dxc4 12. Qf3 0-0-0 13. Qxf7 b5 14. a4 c3 15. bxc3 Qxc3 16. Rb1 Ne5 17. Qe6+ Kc7 18. 0-0 Rd6 19. Qe8 Rd8 20. Qxb5 Qd3 21. Qb7+ Kd6 22. Ne4+ Ke6 23. Ng5+ Kf6 24. Bb2 Kxg5 25. Bxe5 h5 26. h4+ Kg6 27. Qxa7 Rd7 28. Qb6+ Kh7 29. a5 Be7 30. a6 Ra8 31. Ra1 Rda7 32. Qe6 Qg6 33. Qc4 Rxa6 34. Rxa6 Rxa6 35. Rd1 Qg4 36. Qxg4 hxg4 37. g3 c4 38. Rd7 Re6 39. Bd4 Kg6 40. Rc7 Kf5 41. Rxc4 g6 42. Ra4 Rc6 43. Kg2 Ke6 44. Bg7 Kf7 45. Bh6 Rc2 46. Rxg4 Bd6 47. e4 Bc5 48. Rf4+ Ke6 49. Bg5 Ke5 50. Bf6+ Ke6 51. e5 Rd2 52. g4 Be3 53. Rf3 Bd4 54. Kg3 Re2 55. h5 gxh5 56. gxh5 Re1 57. Kg2 Bxe5 58. Bxe5 Rxe5 59. Re3 Kd5 1-0

[Event "FIDE World Rapid-ch Open 2018"]
[White "Anisimov, Pavel"]
[Black "Gurvich, Vitaly"]
[Site "St. Petersburg"]
[Round "6.81"]
[Annotator "ChessBase"]
[Result "1-0"]
[Date "2018.12.27"]
[WhiteElo "2533"]
[BlackElo "2270"]
[PlyCount "67"]
[TimeControl "900+10"]

1. Nf3 Nf6 2. d4 e6 3. Bf4 c5 4. e3 b6 5. h3 Bb7 6. c3 Be7 7. Bd3 0-0 8. Nbd2 Nc6 9. Qe2 d5 10. 0-0 Bd6 11. Bxd6 Qxd6 12. dxc5 Qxc5 13. e4 dxe4 14. Nxe4 Nxe4 15. Bxe4 a5 16. Rfd1 Rad8 17. h4 g6 18. a3 Rxd1+ 19. Rxd1 Rd8 20. Rd3 Qe7 21. h5 gxh5 22. Bxc6 Bxc6 23. Nd4 Bd5 24. Qxh5 f6 25. c4 Be4 26. Qg4+ Bg6 27. Nc6 Rxd3 28. Nxe7+ Kf7 29. Nxg6 hxg6 30. Qe4 Rd1+ 31. Kh2 Rd6 32. Qb7+ Ke8 33. Qc8+ Ke7 34. Qc7+ 1-0

[Event "FIDE World Rapid-ch Open 2018"]
[White "Sokolin, Leonid"]
[Black "Nihal Sarin"]
[Site "St. Petersburg"]
[Round "6.82"]
[Annotator "ChessBase"]
[Result "0-1"]
[Date "2018.12.27"]
[WhiteElo "2508"]
[BlackElo "2576"]
[PlyCount "108"]
[TimeControl "900+10"]

1. c4 c6 2. d4 d5 3. Nc3 Nf6 4. cxd5 cxd5 5. Bf4 Nc6 6. e3 Bf5 7. Bb5 Rc8 8. Nf3 e6 9. Ne5 Bd6 10. Qa4 Bxe5 11. Bxe5 a6 12. Bxc6+ Rxc6 13. 0-0 0-0 14. Qb3 b6 15. Rac1 Nd7 16. Bg3 Qa8 17. f3 Rfc8 18. Rce1 b5 19. e4 dxe4 20. fxe4 Rxc3 21. bxc3 Bxe4 22. Rf2 Nb6 23. Bd6 Qc6 24. Bb4 f5 25. Qa3 a5 26. Bc5 Na4 27. h3 g6 28. Qb3 Bd5 29. Qd1 Nxc5 30. dxc5 Qxc5 31. Ree2 Rc7 32. Rb2 Qxc3 33. Rxb5 Qe3 34. Qe2 Qg3 35. Qb2 a4 36. Rb8+ Kf7 37. Rh8 Rc3 38. Rxh7+ Kf6 39. Qd2 Qe3 40. Qxe3 Rxe3 41. Ra7 a3 42. Rd2 g5 43. Kf2 Rc3 44. Ra6 Ke5 45. Ra4 f4 46. Rad4 Bxa2 47. R4d3 Rb3 48. Rxb3 Bxb3 49. Rd7 a2 50. Ra7 Kd4 51. Kf3 e5 52. Kg4 e4 53. h4 e3 54. Kf3 Bd1# 0-1

[Event "FIDE World Rapid-ch Open 2018"]
[White "Bilguun, Sumiya"]
[Black "Kovalenko, Igor"]
[Site "St. Petersburg"]
[Round "6.83"]
[Annotator "ChessBase"]
[Result "1/2-1/2"]
[Date "2018.12.27"]
[WhiteElo "2497"]
[BlackElo "2657"]
[PlyCount "149"]
[TimeControl "900+10"]

1. c4 Nf6 2. Nc3 e5 3. e4 Bc5 4. Be2 d6 5. d3 a6 6. h3 c6 7. Nf3 b5 8. a3 Nbd7 9. 0-0 0-0 10. Bd2 bxc4 11. dxc4 a5 12. Qc2 Nb6 13. b3 h6 14. Nd1 Re8 15. Be3 Nbd7 16. Bd3 Nh5 17. Re1 Qf6 18. Bf1 Nf8 19. Qc3 Nf4 20. Bxc5 dxc5 21. Nb2 Nd7 22. Na4 Ne6 23. b4 axb4 24. axb4 cxb4 25. Qxb4 Rb8 26. Qd6 c5 27. Nc3 Nd4 28. Qxf6 Nxf6 29. Reb1 Bb7 30. Bd3 Bc6 31. Rxb8 Rxb8 32. Nxe5 Rb3 33. Nxc6 Rxc3 34. e5 Rxd3 35. Nxd4 Rxd4 36. exf6 gxf6 37. Rc1 Kg7 38. Rc2 f5 39. g3 f4 40. Kg2 Kg6 41. Kf3 Kf5 42. Rc3 f6 43. gxf4 Rxf4+ 44. Kg3 h5 45. f3 h4+ 46. Kf2 Rd4 47. Ke3 Rd1 48. Ra3 Re1+ 49. Kd2 Re5 50. Ra6 Kg5 51. f4+ Kxf4 52. Rxf6+ Kg3 53. Rd6 Kxh3 54. Rd5 Re4 55. Rxc5 Kg3 56. Rg5+ Kf4 57. Rh5 Kg4 58. Rh8 Rxc4 59. Ke2 Rf4 60. Rg8+ Kh3 61. Rg7 Kh2 62. Rg8 h3 63. Rg7 Ra4 64. Kf2 Ra2+ 65. Kf1 Rg2 66. Rf7 Rg4 67. Rf3 Rg1+ 68. Kf2 Rg5 69. Kf1 Rc5 70. Kf2 Rb5 71. Kf1 Rb1+ 72. Kf2 Rc1 73. Re3 Rc6 74. Rf3 Rb6 75. Kf1 1/2-1/2

[Event "FIDE World Rapid-ch Open 2018"]
[White "Zablotsky, Sergei"]
[Black "Lobanov, Sergei"]
[Site "St. Petersburg"]
[Round "6.84"]
[Annotator "ChessBase"]
[Result "0-1"]
[Date "2018.12.27"]
[WhiteElo "2511"]
[BlackElo "2526"]
[PlyCount "84"]
[TimeControl "900+10"]

1. e4 c6 2. Nc3 d5 3. Qe2 d4 4. Nd1 e5 5. g3 c5 6. Bg2 Nc6 7. d3 Bd6 8. f4 exf4 9. gxf4 Qh4+ 10. Qf2 Qxf2+ 11. Nxf2 f5 12. Ne2 Nge7 13. Bd2 Be6 14. a3 a5 15. 0-0 Kd7 16. c3 a4 17. Rac1 g6 18. e5 Bc7 19. cxd4 cxd4 20. h4 Bb6 21. Nh3 h6 22. Kf2 Nd5 23. Rg1 Rhg8 24. Bf3 Na5 25. Bxa5 Rxa5 26. h5 gxh5 27. Rxg8 Bxg8 28. Rg1 Ne7 29. Bxb7 Rb5 30. Rg7 Rxb2 31. Bc6+ Kxc6 32. Rxe7 Bb3 33. Rh7 Bc5 34. Rxh6+ Kd5 35. Rxh5 Bc2 36. Nhg1 Bxd3 37. Kf3 Kc4 38. e6 Be4+ 39. Kg3 d3 40. Rh7 dxe2 41. Nxe2 Rxe2 42. Rc7 Bd5 0-1

[Event "FIDE World Rapid-ch Open 2018"]
[White "Hirneise, Jens"]
[Black "Mikhalevski, Victor"]
[Site "St. Petersburg"]
[Round "6.85"]
[Annotator "ChessBase"]
[Result "1-0"]
[Date "2018.12.27"]
[WhiteElo "2371"]
[BlackElo "2579"]
[PlyCount "225"]
[TimeControl "900+10"]

1. e4 e5 2. Nf3 Nc6 3. Bb5 a6 4. Ba4 Nge7 5. Nc3 g6 6. d4 exd4 7. Nd5 Nxd5 8. exd5 Qe7+ 9. Kf1 b5 10. dxc6 bxa4 11. Qxd4 f6 12. Bg5 Kf7 13. Re1 Qd6 14. Bxf6 Qxf6 15. Qd5+ Kg7 16. cxd7 Bxd7 17. Qxd7+ Qf7 18. Qd4+ Qf6 19. Qd7+ Qf7 20. Qxf7+ Kxf7 21. Ne5+ Kg7 22. Nd3 a3 23. b3 a5 24. Re4 a4 25. Ke2 Bd6 26. Kd2 Rhb8 27. h4 Rb5 28. g3 Rd5 29. b4 Rb8 30. Ke2 Rdb5 31. c4 Rf5 32. c5 Bf8 33. Nf4 Kg8 34. Rd1 Rf7 35. Rd3 c6 36. Rxa3 Ra7 37. Rd3 a3 38. Rdd4 Bg7 39. Rd6 Bc3 40. Nd3 Rc7 41. Rc4 Re8+ 42. Kf3 Bb2 43. Rc2 Bg7 44. Kg2 Bf8 45. Rd4 Rce7 46. Rdc4 Rd7 47. R4c3 Ra8 48. Ne5 Rc7 49. Rb3 Bg7 50. Nc4 Rca7 51. Na5 Ra6 52. Rxa3 Be5 53. Re3 Bc7 54. Re6 Bxa5 55. bxa5 R8a7 56. Rb2 Kf7 57. Rd6 Re7 58. Rb6 Rxa5 59. Rdxc6 Rxa2 60. Rf6+ Kg7 61. Rf4 Rc2 62. Rc6 Ra7 63. Rc8 Rb7 64. c6 Re7 65. Rb4 Kh6 66. Rb7 Rxc6 67. Rxe7 Rxc8 68. g4 g5 69. Re6+ Kg7 70. hxg5 Rc4 71. Kg3 Rc3+ 72. Kf4 Kf7 73. Rf6+ Kg7 74. f3 Rc5 75. Re6 Ra5 76. Re5 Ra3 77. Ke4 Kg6 78. f4 Ra6 79. Kf3 Ra3+ 80. Re3 Ra6 81. Kg3 Ra4 82. Kf3 Ra6 83. Rd3 Rb6 84. Ke4 Re6+ 85. Kf3 Ra6 86. Rd5 Ra3+ 87. Ke4 Ra6 88. Ke5 Ra4 89. Rd6+ Kg7 90. Rd4 Ra5+ 91. Rd5 Ra4 92. Kf5 Ra7 93. Ke6 Ra6+ 94. Ke5 Ra4 95. f5 Ra8 96. Rd7+ Kg8 97. Ke6 Re8+ 98. Re7 Ra8 99. f6 Ra6+ 100. Kf5 Ra5+ 101. Re5 Ra4 102. Re8+ Kf7 103. Re7+ Kg8 104. Rg7+ Kh8 105. g6 Ra5+ 106. Kf4 Ra4+ 107. Kg5 Ra5+ 108. Kh6 hxg6 109. Rb7 Kg8 110. Kxg6 Ra8 111. Rg7+ Kf8 112. Rh7 Kg8 113. f7+ 1-0

[Event "FIDE World Rapid-ch Open 2018"]
[White "Vastrukhin, Oleg"]
[Black "Kabanov, Nikolai"]
[Site "St. Petersburg"]
[Round "6.86"]
[Annotator "ChessBase"]
[Result "1-0"]
[Date "2018.12.27"]
[WhiteElo "2413"]
[BlackElo "2450"]
[PlyCount "77"]
[TimeControl "900+10"]

1. g3 e5 2. Bg2 Nc6 3. c4 g6 4. Nc3 Bg7 5. e3 d6 6. Nge2 Nge7 7. d3 h5 8. a3 h4 9. b3 Bg4 10. h3 Be6 11. g4 d5 12. Bb2 f5 13. gxf5 gxf5 14. Qc2 d4 15. exd4 Nxd4 16. Nxd4 exd4 17. Na4 c6 18. 0-0-0 Qd6 19. Rde1 Bf7 20. b4 0-0-0 21. Nc5 Ng6 22. Rhg1 Rhe8 23. Kb1 Bf6 24. Bc1 Nf4 25. Bxf4 Qxf4 26. Qa4 Rxe1+ 27. Rxe1 Qxf2 28. Rc1 Be7 29. Bxc6 Bxc5 30. bxc5 Qd2 31. Bh1 Qxd3+ 32. Ka1 Be8 33. c6 Qd2 34. Rb1 Qc3+ 35. Ka2 b6 36. Bd5 d3 37. Qa6+ Kc7 38. Qb7+ Kd6 39. c7 1-0

[Event "FIDE World Rapid-ch Open 2018"]
[White "Makarov, Marat"]
[Black "Fakhrutdinov, Timur"]
[Site "St. Petersburg"]
[Round "6.87"]
[Annotator "ChessBase"]
[Result "0-1"]
[Date "2018.12.27"]
[WhiteElo "2505"]
[BlackElo "2481"]
[PlyCount "182"]
[TimeControl "900+10"]

1. d4 Nf6 2. c4 e6 3. Nc3 Bb4 4. g3 d5 5. Bg2 0-0 6. Nf3 dxc4 7. 0-0 c5 8. dxc5 Qc7 9. Qa4 Qxc5 10. Be3 Qe7 11. a3 Bxc3 12. bxc3 Nd5 13. Bd4 Qc7 14. e4 Bd7 15. Qc2 Ne7 16. Be5 Qc8 17. Bd6 Re8 18. a4 Bc6 19. Ne5 Nd7 20. Nxc4 Nf6 21. Ne5 Nd7 22. Ng4 b6 23. a5 b5 24. h4 a6 25. h5 h6 26. Qd2 Qb7 27. Rfe1 Kh7 28. Rad1 f5 29. Ne5 Nxe5 30. Bxe5 fxe4 31. Qe2 Nf5 32. Qg4 Qf7 33. Bxe4 Bxe4 34. Qxe4 Qxh5 35. g4 Qg6 36. Kh2 Nh4 37. Kg3 Qxe4 38. Rxe4 Ng6 39. Bc7 Rac8 40. Bb6 Rxc3+ 41. Be3 Rc6 42. Rd7 Re7 43. Red4 Rxd7 44. Rxd7 Ne5 45. Rb7 Nc4 46. Bb6 e5 47. f3 Rd6 48. Rb8 Kg6 49. Bc5 Rc6 50. Bb4 h5 51. gxh5+ Kxh5 52. Kf2 Kg6 53. Ke2 Kf5 54. Rf8+ Rf6 55. Rg8 Rg6 56. Rf8+ Ke6 57. Kd3 Rf6 58. Re8+ Kd5 59. Rd8+ Kc6 60. Ke2 g6 61. Rc8+ Kb7 62. Rg8 Kc6 63. Rc8+ Kd7 64. Ra8 Rc6 65. Rg8 Re6 66. Rg7+ Kc6 67. Ra7 Kd5 68. Rd7+ Nd6 69. Kd3 Rf6 70. Ke3 Kc6 71. Ra7 Nc4+ 72. Ke2 Kd5 73. Rd7+ Ke6 74. Rd8 Kf5 75. Be7 Rc6 76. Rf8+ Ke6 77. Bb4 Nd6 78. Rg8 Kf7 79. Rb8 e4 80. fxe4 Nxe4 81. Rb6 Re6 82. Kf3 Nf6 83. Rb7+ Ke8 84. Bc5 Nd7 85. Bb4 Kd8 86. Ra7 Nb8 87. Rg7 Nd7 88. Rg8+ Kc7 89. Bd2 Ne5+ 90. Kf4 Nd3+ 91. Kg5 b4 0-1

[Event "FIDE World Rapid-ch Open 2018"]
[White "Sokolov, Andrei"]
[Black "Ovchinnikov, Vsevolod"]
[Site "St. Petersburg"]
[Round "6.88"]
[Annotator "ChessBase"]
[Result "1/2-1/2"]
[Date "2018.12.27"]
[WhiteElo "2532"]
[BlackElo "2329"]
[PlyCount "47"]
[TimeControl "900+10"]

1. g3 Nf6 2. Bg2 g6 3. c4 d5 4. cxd5 Nxd5 5. Nc3 Nb6 6. Nf3 Bg7 7. 0-0 Nc6 8. d3 e5 9. Be3 0-0 10. Rc1 h6 11. Ne4 Kh7 12. Nc5 Nd5 13. Qb3 Na5 14. Qxd5 Qxd5 15. Ng5+ hxg5 16. Bxd5 Rb8 17. Ne4 f6 18. Rxc7 Bh3 19. Rfc1 Rbd8 20. Bc5 Kh6 21. Bxf8 Bxf8 22. Nxf6 Bg7 23. Rxg7 Kxg7 24. Rc7+ 1/2-1/2

[Event "FIDE World Rapid-ch Open 2018"]
[White "Teterev, Vitaly"]
[Black "Yeritsyan, Aram"]
[Site "St. Petersburg"]
[Round "6.89"]
[Annotator "ChessBase"]
[Result "1-0"]
[Date "2018.12.27"]
[WhiteElo "2486"]
[BlackElo "2372"]
[PlyCount "127"]
[TimeControl "900+10"]

1. Nf3 Nf6 2. g3 b5 3. Bg2 Bb7 4. 0-0 e6 5. d4 c5 6. Na3 b4 7. Nc4 d5 8. Nce5 Nbd7 9. c4 Be7 10. cxd5 Bxd5 11. dxc5 Nxc5 12. Ng5 0-0 13. Nc6 Qc7 14. Nxe7+ Qxe7 15. Bxd5 Nxd5 16. Qc2 f5 17. e4 Nb6 18. Be3 Rac8 19. exf5 exf5 20. Rac1 Ne4 21. Qb3+ Kh8 22. Rxc8 Nxc8 23. Nxe4 fxe4 24. Rc1 Nb6 25. h4 h6 26. Bc5 Qc7 27. Qxb4 Re8 28. Be3 Qb7 29. Qb5 Qf7 30. Rd1 Nc4 31. Rd7 Qe6 32. Qd5 Nxe3 33. Qxe6 Rxe6 34. fxe3 Ra6 35. a3 Rb6 36. b4 Ra6 37. Rd4 Rxa3 38. Rxe4 a5 39. bxa5 Rxa5 40. Kf2 Kg8 41. Kf3 Kf7 42. Rb4 Ra6 43. g4 Kf6 44. Rb5 g6 45. g5+ hxg5 46. hxg5+ Ke6 47. Kf4 Rc6 48. Rb7 Rc4+ 49. e4 Rc1 50. Rg7 Rf1+ 51. Ke3 Re1+ 52. Kf3 Rf1+ 53. Ke2 Rg1 54. Rxg6+ Ke5 55. Kf2 Rg4 56. Kf3 Rf4+ 57. Kg3 Rxe4 58. Rf6 Ra4 59. Kh3 Rb4 60. Rf8 Ra4 61. Rf3 Rb4 62. g6 Rb6 63. g7 Rh6+ 64. Kg2 1-0

[Event "FIDE World Rapid-ch Open 2018"]
[White "Drygalov, Sergey"]
[Black "Makoveev, Ilya"]
[Site "St. Petersburg"]
[Round "6.90"]
[Annotator "NA"]
[Result "1-0"]
[Date "2018.12.27"]
[WhiteElo "2446"]
[BlackElo "2257"]
[PlyCount "75"]
[TimeControl "900+10"]

1. d4 Nf6 2. c4 e6 3. Nf3 b6 4. g3 Ba6 5. Qc2 c5 6. d5 exd5 7. cxd5 Bb7 8. Bg2 Nxd5 9. 0-0 Be7 10. Rd1 Nc6 11. Qa4 Nf6 12. Nc3 0-0 13. e4 Nd4 14. Nxd4 cxd4 15. Qxd4 Bc5 16. Qd3 Ng4 17. Rf1 Qf6 18. Qe2 Qg6 19. Bf4 Rae8 20. Rad1 d5 21. Nxd5 Ba6 22. Qxa6 Qh5 23. h3 Nxf2 24. Kh2 Nxd1 25. Bf3 Qg6 26. Rxd1 f5 27. e5 Qf7 28. b4 Be7 29. Nc7 Rd8 30. Bd5 Rxd5 31. Nxd5 g5 32. Qc4 Kh8 33. e6 Qxe6 34. Qd4+ Bf6 35. Nxf6 Qe2+ 36. Kg1 Kg7 37. Nh5+ Kg6 38. Qg7+ 1-0

[Event "FIDE World Rapid-ch Open 2018"]
[White "Abdusattorov, Nodirbek"]
[Black "Hakobyan, Aram"]
[Site "St. Petersburg"]
[Round "6.91"]
[Annotator "ChessBase"]
[Result "1-0"]
[Date "2018.12.27"]
[WhiteElo "2546"]
[BlackElo "2545"]
[PlyCount "85"]
[TimeControl "900+10"]

1. e4 e5 2. Nf3 Nc6 3. Nc3 Nf6 4. d4 exd4 5. Nxd4 Bb4 6. Nxc6 bxc6 7. Bd3 0-0 8. 0-0 d5 9. exd5 cxd5 10. h3 c6 11. Qf3 Re8 12. Bg5 h6 13. Bh4 Bd6 14. Rfe1 Be6 15. Ne2 c5 16. Rad1 Rb8 17. b3 a5 18. c4 d4 19. Nf4 Bxf4 20. Qxf4 g5 21. Bxg5 hxg5 22. Qxg5+ Kf8 23. Qxc5+ Qe7 24. Qxa5 Nd7 25. Bb1 Qf6 26. Qa3+ Kg7 27. Qd6 Bf5 28. Qxf6+ Kxf6 29. Rxe8 Rxe8 30. Bxf5 Kxf5 31. Rxd4 Re1+ 32. Kh2 Ke6 33. b4 Re2 34. a4 Ra2 35. Re4+ Kf6 36. c5 Rxa4 37. c6 Nb6 38. Re8 Nd5 39. b5 Rb4 40. Rb8 Ke6 41. b6 Rc4 42. b7 Ne7 43. Re8 1-0

[Event "FIDE World Rapid-ch Open 2018"]
[White "Vaisser, Anatoli"]
[Black "Guimaraes, Diogo Duarte"]
[Site "St. Petersburg"]
[Round "6.92"]
[Annotator "ChessBase"]
[Result "1-0"]
[Date "2018.12.27"]
[WhiteElo "2505"]
[BlackElo "2278"]
[PlyCount "111"]
[TimeControl "900+10"]

1. d4 Nf6 2. c4 c6 3. Nc3 d5 4. cxd5 cxd5 5. Bf4 Nc6 6. e3 a6 7. Bd3 Bg4 8. Nge2 e6 9. Rc1 Bd6 10. f3 Bh5 11. 0-0 Bg6 12. Na4 0-0 13. Bxd6 Qxd6 14. Nc5 Bxd3 15. Qxd3 Rfb8 16. Rc3 Nb4 17. Qb1 b6 18. Na4 Nd7 19. Rfc1 b5 20. Nc5 a5 21. Nxd7 Qxd7 22. Rc7 Qe8 23. a3 Na6 24. R7c6 Rc8 25. Qc2 Rxc6 26. Qxc6 b4 27. a4 Qxc6 28. Rxc6 Kf8 29. Nc1 Ke7 30. Nb3 Ra7 31. Nxa5 Kd7 32. Rc1 Nb8 33. Nb3 Nc6 34. Kf2 Kd6 35. Nc5 e5 36. dxe5+ Nxe5 37. a5 Nc4 38. Nd3 Rxa5 39. Rc2 b3 40. Rc3 Rb5 41. e4 dxe4 42. fxe4 Na5 43. Ke3 Rh5 44. h3 Rg5 45. g4 h5 46. e5+ Ke6 47. Kf4 f6 48. Rc5 hxg4 49. hxg4 Nb7 50. Rb5 Nd8 51. Rxb3 Nc6 52. Rb6 Kd5 53. e6 Ne5 54. Rb5+ Kc6 55. Rxe5 Rg6 56. e7 {[%emt 0:0:8] Kd5 Ke4+} 1-0

[Event "FIDE World Rapid-ch Open 2018"]
[White "Dubrovin, Robert"]
[Black "Zakhartsov, Vladimir"]
[Site "St. Petersburg"]
[Round "6.93"]
[Annotator "ChessBase"]
[Result "1/2-1/2"]
[Date "2018.12.27"]
[WhiteElo "2220"]
[BlackElo "2486"]
[PlyCount "124"]
[TimeControl "900+10"]

1. d4 Nf6 2. c4 g6 3. Nc3 d5 4. Nf3 Bg7 5. e3 0-0 6. b4 a5 7. b5 c5 8. bxc6 Nxc6 9. Ba3 Re8 10. Be2 Bf5 11. 0-0 Nb4 12. Rc1 Rc8 13. Ne5 Be6 14. Qb3 Ne4 15. Rfd1 dxc4 16. Bxc4 Rxc4 17. Nxc4 Nxc3 18. Qxc3 Nxa2 19. Qxa5 Nxc1 20. Rxc1 Qxa5 21. Nxa5 Ra8 22. Bb4 Bd5 23. h3 Bf8 24. Rc7 Rb8 25. f3 b6 26. Nc6 Bxc6 27. Rxc6 e6 28. Bxf8 Kxf8 29. Kf2 b5 30. Ke2 h5 31. h4 b4 32. Kd2 Ra8 33. g4 Ra2+ 34. Kd3 hxg4 35. fxg4 Rg2 36. g5 b3 37. Rb6 b2 38. Kc3 Re2 39. Kd3 Rh2 40. Kc3 Rxh4 41. Rxb2 Rh3 42. Kd3 Rf3 43. Rg2 Ke7 44. Rg4 Rf2 45. e4 Rf3+ 46. Kc4 e5 47. d5 Kd6 48. Rh4 Rg3 49. Rh7 Ke7 50. d6+ Kxd6 51. Rxf7 Rxg5 52. Rf6+ Ke7 53. Ra6 Kf7 54. Ra7+ Kf6 55. Kd5 Rh5 56. Ra6+ Kg7 57. Re6 Rh8 58. Kxe5 Rf8 59. Re7+ Kh6 60. Kd6 g5 61. Ra7 g4 62. e5 g3 1/2-1/2

[Event "FIDE World Rapid-ch Open 2018"]
[White "Kazhgaleyev, Murtas"]
[Black "Perdomo, Carlos Andres"]
[Site "St. Petersburg"]
[Round "6.94"]
[Annotator "ChessBase"]
[Result "1-0"]
[Date "2018.12.27"]
[WhiteElo "2587"]
[BlackElo "2301"]
[PlyCount "93"]
[TimeControl "900+10"]

1. d4 d5 2. c4 e6 3. Nc3 Nf6 4. cxd5 exd5 5. Bg5 c6 6. e3 Nbd7 7. Bd3 Be7 8. Qc2 Nf8 9. Nf3 Ne6 10. Bh4 g6 11. 0-0 Ng7 12. Rab1 Bf5 13. b4 a6 14. a4 Bxd3 15. Qxd3 b5 16. Ne5 Rc8 17. axb5 axb5 18. Rfc1 0-0 19. Ne2 Nd7 20. Nxc6 Rxc6 21. Rxc6 Bxh4 22. Qxb5 Nf6 23. g3 Bg5 24. Qb6 Qe7 25. Nc3 Ne6 26. Ra1 Rd8 27. Ra7 Qe8 28. b5 Ng4 29. h4 Nxe3 30. Rxe6 Qxe6 31. Qxe6 fxe6 32. hxg5 Nf5 33. b6 Nxd4 34. Rc7 Nb3 35. Nb5 d4 36. b7 Na5 37. Kf1 d3 38. Ke1 Nxb7 39. Rxb7 Rd5 40. f4 e5 41. Nc3 Ra5 42. Kd2 exf4 43. gxf4 h6 44. gxh6 g5 45. Rg7+ Kh8 46. Rxg5 Ra6 47. Rh5 1-0

[Event "FIDE World Rapid-ch Open 2018"]
[White "Apryshko, Gleb"]
[Black "Mamatov, Melis"]
[Site "St. Petersburg"]
[Round "6.95"]
[Annotator "NA"]
[Result "1-0"]
[Date "2018.12.27"]
[WhiteElo "2385"]
[BlackElo "2223"]
[PlyCount "69"]
[TimeControl "900+10"]

1. e4 c5 2. Nf3 d6 3. d4 cxd4 4. Qxd4 Nc6 5. Bb5 Bd7 6. Qd3 Nf6 7. c4 g6 8. h3 Bg7 9. Nc3 0-0 10. 0-0 a6 11. Bxc6 Bxc6 12. Nd4 Nd7 13. Be3 Rc8 14. Rac1 Nc5 15. Qc2 Ne6 16. Nxe6 fxe6 17. Qb3 Qd7 18. Rfd1 Bxc3 19. Qxc3 Bxe4 20. Qd4 Bc6 21. Bh6 Rf7 22. f4 b5 23. c5 Bd5 24. f5 dxc5 25. fxe6 Qxe6 26. Qxd5 Qxd5 27. Rxd5 c4 28. Rd7 e5 29. Rcd1 Re8 30. Rd8 Rfe7 31. Rxe8+ Rxe8 32. Rd7 Rc8 33. Bd2 a5 34. Bxa5 Ra8 35. Rd8+ 1-0

[Event "FIDE World Rapid-ch Open 2018"]
[White "Danielyan, Vahe"]
[Black "Hirneise, Tobias"]
[Site "St. Petersburg"]
[Round "6.96"]
[Annotator "ChessBase"]
[Result "0-1"]
[Date "2018.12.27"]
[WhiteElo "2220"]
[BlackElo "2464"]
[PlyCount "148"]
[TimeControl "900+10"]

1. Nf3 d5 2. g3 Nf6 3. Bg2 e6 4. 0-0 Be7 5. d3 c5 6. Nbd2 Nc6 7. e4 0-0 8. Re1 b5 9. a4 b4 10. e5 Nd7 11. Nf1 Qc7 12. Bf4 Bb7 13. h4 Rfc8 14. h5 h6 15. N1h2 Qd8 16. Ng4 Bf8 17. Qd2 Kh7 18. c3 bxc3 19. bxc3 Rab8 20. Nh4 Na5 21. Rab1 Bc6 22. Qc2 Kh8 23. c4 d4 24. Bxc6 Nxc6 25. Qe2 Rxb1 26. Rxb1 Rb8 27. Rxb8 Qxb8 28. Qf3 Qb1+ 29. Kh2 Nd8 30. a5 Qb7 31. Qd1 Nc6 32. a6 Qxa6 33. Qf3 Nd8 34. Bd2 Qb7 35. Qf4 Qc7 36. Qe4 Nc6 37. f4 Be7 38. Nf3 Nd8 39. f5 exf5 40. Qxf5 Qc6 41. Qf4 Qe6 42. Qe4 Nc6 43. Kg2 a5 44. Bc1 a4 45. Ba3 Bd8 46. Nf2 Bc7 47. Nh3 Bxe5 48. Nhg5 hxg5 49. Nxg5 f5 50. Qh4 Qe7 51. h6 g6 52. Kf1 Bf6 53. Qh1 Bxg5 54. Qxc6 Kh7 55. Qxa4 Bxh6 56. Qc6 Bf8 57. Bc1 Ne5 58. Qh1+ Kg8 59. Qd5+ Nf7 60. Bf4 Qf6 61. Qb7 Bd6 62. Qc6 Kg7 63. Bd2 f4 64. gxf4 g5 65. Ke2 gxf4 66. Qg2+ Ng5 67. Qb7+ Kg6 68. Qc8 Qe6+ 69. Qxe6+ Nxe6 70. Kf3 Kf5 71. Be1 Ng5+ 72. Ke2 f3+ 73. Kf2 Kg4 74. Bd2 Bf4 0-1